Connexion

COLUMBUS Blue Jackets vs PITTSBURGH Penguins

Created - 19 janvier 2024 at 05:47

Goals
1 2 3 T
COLUMBUS Blue Jackets 2 1 1 4
PITTSBURGH Penguins 2 0 0 2
Shots
1 2 3 T
COLUMBUS Blue Jackets 14 9 10 33
PITTSBURGH Penguins 6 10 10 26

GoalsPenalties
1st period
1. COLUMBUS Blue Jackets , Artturi Lehkonen 14 (Will Borgen 4) at 2:53
2. PITTSBURGH Penguins , Ross Colton 8 (Vitali Kravtsov 6, Kevin Connauton 6) at 7:45
3. COLUMBUS Blue Jackets , Yan Gourde 20 (William Lagesson 20, Colin Blackwell 16) at 12:08
4. PITTSBURGH Penguins , Justin Kloos 3 (Anton Lindholm 28, Brad Marchand 34) at 19:00
Will Borgen (CLB) for Hooking (Minor) at 9:43
2nd period
5. COLUMBUS Blue Jackets , Sven Baertschi 19 (Jordan Gross 17, Artturi Lehkonen 17) at 15:24
Milan Lucic (PIT) for Tripping (Minor) at 16:22
3rd period
6. COLUMBUS Blue Jackets , Bo Horvat 22 (Dante Fabbro 37, John Marino 39) at 12:57
Kevin Connauton (PIT) for Delaying the game (Minor) at 2:01
John Marino (CLB) for Roughing (Minor) at 14:36
Goalie Stats
Vitek Vanecek (CLB), 24 saves from 26 shots - (0,923), W, 32-14-5, 60:00 minutes
Darcy Kuemper (PIT), 29 saves from 33 shots - (0,879), L, 25-19-6, 60:00 minutes
3 StarsOfficial
1 - Artturi Lehkonen (CLB)
2 - Sven Baertschi (CLB)
3 - Bo Horvat (CLB)
Referees : Ghislain Hebert and Dan O'Rourke
Linesman : Greg Devorski and Jay Sharrers
Game Note
No Game Note
Finance
Level 1 -- Attendance: 4664 (77,73%) -- Ticket Income $666,952
Level 2 -- Attendance: 4789 (88,90%) -- Ticket Income $431,010
Level 3 -- Attendance: 2000 (100,00%) -- Ticket Income $106,000
Level 4 -- Attendance: 4000 (100,00%) -- Ticket Income $140,000
Luxury Box -- Attendance: 1000 (100,00%) -- Ticket Income $300,000
Game was played at the Consol Energy Center.
Total Attendance: 16453 (89,48%)
Total Ticket Income: $1,643,962
Other Income: $328,792
Total Income: $1,972,754



Team Name Goals Shots Shots Attemp Shots Blocked PIM HIT PP PK FO%
COLUMBUS Blue Jackets 4336264240 / 2 (0%)051%
PITTSBURGH Penguins 22660104260 / 2 (0%)049%

COLUMBUS Blue Jackets
Player Name POS G A P +/- PIM HIT SHT SB MP PP MP PP SHT PK MP PK SHT FO% FOT
Artturi LehkonenLW/RW1122013012:590:0000:0000% 0
Bo HorvatC1010031022:111:4800:48052% 25
Carson SoucyD0000010119:062:0501:2300% 0
Colin BlackwellC/LW/RW0110021021:261:4800:0300% 1
Dante FabbroD0110020125:591:5302:3500% 0
Jack RoslovicC/RW0000015024:092:1012:58058% 12
John MarinoD0110234224:371:5311:1400% 0
Jordan GrossD0112022116:160:0001:2100% 0
Justin DanforthRW000001008:340:0000:0000% 0
Nick PaulLW000100004:110:0000:00050% 4
Nino NiederreiterLW/RW000000108:340:0000:0000% 0
Pierre-luc DuboisC/LW0001056025:332:1013:10151% 39
Rudolfs BalcersLW/RW000000000:000:0000:0000% 0
Sven BaertschiLW1012015013:080:0000:0900% 1
Tyler JohnsonC/LW/RW0000001013:542:1000:48050% 2
Will BorgenD0112220014:540:0000:0000% 0
William LagessonD0110000119:062:0501:2300% 0
Yan GourdeC/LW/RW1010004021:231:4810:0000% 0
PITTSBURGH Penguins
Player Name POS G A P +/- PIM HIT SHT SB MP PP MP PP SHT PK MP PK SHT FO% FOT
Adam LarssonD0000042020:461:5711:5000% 0
Alexander BarabanovLW/RW000-2002020:531:2610:2700% 1
Andrei SvechnikovLW/RW000-2030121:171:2600:5100% 2
Anton LindholmD0110001020:461:5711:5000% 0
Brad MarchandLW/RW0110033024:372:3212:40057% 7
Gustav NyquistC/LW/RW000-2003020:261:2610:00044% 25
Jake GardinerD000-2040125:472:0102:0800% 0
Jasper WeatherbyC000000000:000:0000:0000% 0
Justin KloosC/RW101100112:560:0000:00025% 4
Kevin ConnautonD0110221313:260:0000:0000% 0
Laurent DauphinC/LW000100102:560:0000:0000% 0
Milan LucicLW0000273013:380:0000:00050% 2
Oliver Bjorkstrand LW/RW000-1001021:412:3202:4000% 0
Ross ColtonC1010012013:390:0000:00038% 16
Trevor CarrickD0000000413:270:0000:0000% 0
Vitali KravtsovRW0110003014:060:0000:270100% 1
Will ButcherD000-2011025:472:0102:0800% 0
William NylanderC/RW000-1012019:522:3200:51065% 26



Play-by-Play

1st period


0:01 of 1st period - William Nylander wins face-off versus Pierre-luc Dubois in neutral zone.
0:12 of 1st period - Pierre-luc Dubois is hit by Brad Marchand and loses puck.
0:32 of 1st period - Icing by John Marino.
0:33 of 1st period - Pierre-luc Dubois wins face-off versus Gustav Nyquist in COLUMBUS Blue Jackets zone.
2:37 of 1st period - Off-side.
2:38 of 1st period - Nick Paul wins face-off versus Justin Kloos in neutral zone.
2:43 of 1st period - Shot by Artturi Lehkonen.
2:43 of 1st period - Shot Blocked by Justin Kloos.
2:45 of 1st period - Shot by Jordan Gross.
2:45 of 1st period - Stopped by Darcy Kuemper without a rebound.
2:46 of 1st period - William Nylander wins face-off versus Pierre-luc Dubois in PITTSBURGH Penguins zone.
2:53 of 1st period - Shot by Artturi Lehkonen.
2:53 of 1st period - Goal by Artturi Lehkonen - COLUMBUS Blue Jackets : 1 - PITTSBURGH Penguins : 0.
2:54 of 1st period - Jack Roslovic wins face-off versus William Nylander in neutral zone.
3:36 of 1st period - Jack Roslovic is hit by Adam Larsson and loses puck.
4:08 of 1st period - Icing by Gustav Nyquist.
4:09 of 1st period - Pierre-luc Dubois wins face-off versus Gustav Nyquist in PITTSBURGH Penguins zone.
4:44 of 1st period - Shot by Sven Baertschi.
4:44 of 1st period - Stopped by Darcy Kuemper with a rebound.
4:46 of 1st period - Shot by John Marino.
4:46 of 1st period - Stopped by Darcy Kuemper with a rebound.
4:48 of 1st period - Shot by Sven Baertschi.
4:48 of 1st period - Stopped by Darcy Kuemper without a rebound.
4:49 of 1st period - Bo Horvat wins face-off versus Ross Colton in PITTSBURGH Penguins zone.
4:58 of 1st period - Shot by Yan Gourde.
4:58 of 1st period - Stopped by Darcy Kuemper without a rebound.
4:59 of 1st period - Justin Kloos wins face-off versus Bo Horvat in PITTSBURGH Penguins zone.
4:59 of 1st period - Justin Kloos is hit by Colin Blackwell.
5:24 of 1st period - Shot by Yan Gourde.
5:24 of 1st period - Shot Misses the Net.
5:26 of 1st period - Shot by Will Borgen.
5:26 of 1st period - Shot Blocked by Kevin Connauton.
5:28 of 1st period - Shot by Bo Horvat.
5:28 of 1st period - Shot Misses the Net.
5:30 of 1st period - Shot by Colin Blackwell.
5:30 of 1st period - Shot Misses the Net.
5:36 of 1st period - Shot by Colin Blackwell.
5:36 of 1st period - Stopped by Darcy Kuemper without a rebound.
5:37 of 1st period - Pierre-luc Dubois wins face-off versus Ross Colton in PITTSBURGH Penguins zone.
5:48 of 1st period - Icing by Jack Roslovic.
5:49 of 1st period - Pierre-luc Dubois wins face-off versus Alexander Barabanov in COLUMBUS Blue Jackets zone.
5:59 of 1st period - Jack Roslovic is hit by Jake Gardiner and loses puck.
6:25 of 1st period - Jake Gardiner is hit by Pierre-luc Dubois.
7:33 of 1st period - Shot by Trevor Carrick.
7:33 of 1st period - Shot Blocked by William Lagesson.
7:35 of 1st period - Shot by Kevin Connauton.
7:35 of 1st period - Shot Misses the Net.
7:43 of 1st period - Shot by Ross Colton.
7:43 of 1st period - Deflect By Vitali Kravtsov.
7:43 of 1st period - Shot Misses the Net.
7:45 of 1st period - Shot by Ross Colton.
7:45 of 1st period - Goal by Ross Colton - COLUMBUS Blue Jackets : 1 - PITTSBURGH Penguins : 1.
7:46 of 1st period - Gustav Nyquist wins face-off versus Nick Paul in neutral zone.
8:52 of 1st period - Trevor Carrick is hit by Artturi Lehkonen and loses puck.
8:57 of 1st period - Nick Paul is hit by Ross Colton and loses puck.
9:18 of 1st period - Icing by Jordan Gross.
9:19 of 1st period - William Nylander wins face-off versus Nick Paul in COLUMBUS Blue Jackets zone.
9:19 of 1st period - William Nylander is hit by Will Borgen.
9:28 of 1st period - Brad Marchand is hit by Will Borgen and loses puck.
9:43 of 1st period - Minor Penalty to Will Borgen for Hooking.
9:44 of 1st period - Pierre-luc Dubois wins face-off versus Gustav Nyquist in COLUMBUS Blue Jackets zone.
9:58 of 1st period - Will Butcher is hit by John Marino and loses puck.
10:34 of 1st period - Icing by Adam Larsson.
10:35 of 1st period - William Nylander wins face-off versus Tyler Johnson in PITTSBURGH Penguins zone.
10:35 of 1st period - William Nylander is hit by Bo Horvat.
11:24 of 1st period - Icing by Anton Lindholm.
11:25 of 1st period - William Nylander wins face-off versus Pierre-luc Dubois in PITTSBURGH Penguins zone.
11:54 of 1st period - Shot by Yan Gourde.
11:54 of 1st period - Shot Misses the Net.
12:08 of 1st period - Shot by Yan Gourde.
12:08 of 1st period - Goal by Yan Gourde - COLUMBUS Blue Jackets : 2 - PITTSBURGH Penguins : 1.
12:09 of 1st period - Jack Roslovic wins face-off versus Gustav Nyquist in neutral zone.
12:35 of 1st period - Shot by Jack Roslovic.
12:35 of 1st period - Stopped by Darcy Kuemper with a rebound.
12:37 of 1st period - Shot by Jack Roslovic.
12:37 of 1st period - Shot Misses the Net.
12:39 of 1st period - Shot by Jordan Gross.
12:39 of 1st period - Shot Misses the Net.
12:41 of 1st period - Shot by Jordan Gross.
12:41 of 1st period - Shot Blocked by Trevor Carrick.
12:43 of 1st period - Shot by Jack Roslovic.
12:43 of 1st period - Shot Misses the Net.
12:45 of 1st period - Shot by Nino Niederreiter.
12:45 of 1st period - Stopped by Darcy Kuemper without a rebound.
12:46 of 1st period - Milan Lucic wins face-off versus Bo Horvat in PITTSBURGH Penguins zone.
12:46 of 1st period - Milan Lucic is hit by Bo Horvat.
12:49 of 1st period - Icing by Will Butcher.
12:50 of 1st period - Bo Horvat wins face-off versus Ross Colton in PITTSBURGH Penguins zone.
13:02 of 1st period - Shot by Ross Colton.
13:02 of 1st period - Deflect By Vitali Kravtsov.
13:02 of 1st period - Stopped by Vitek Vanecek with a rebound.
13:27 of 1st period - Dante Fabbro is hit by Milan Lucic and loses puck.
13:51 of 1st period - Icing by John Marino.
13:52 of 1st period - William Nylander wins face-off versus Bo Horvat in COLUMBUS Blue Jackets zone.
14:05 of 1st period - Shot by Brad Marchand.
14:05 of 1st period - Shot Misses the Net.
14:07 of 1st period - Shot by Adam Larsson.
14:07 of 1st period - Stopped by Vitek Vanecek without a rebound.
14:08 of 1st period - Gustav Nyquist wins face-off versus Pierre-luc Dubois in COLUMBUS Blue Jackets zone.
14:17 of 1st period - Shot by Gustav Nyquist.
14:17 of 1st period - Shot Misses the Net.
14:25 of 1st period - Andrei Svechnikov is hit by Pierre-luc Dubois and loses puck.
14:34 of 1st period - Shot by Pierre-luc Dubois.
14:34 of 1st period - Shot Blocked by Trevor Carrick.
15:00 of 1st period - Shot by Artturi Lehkonen.
15:00 of 1st period - Shot Misses the Net.
15:02 of 1st period - Shot by Artturi Lehkonen.
15:02 of 1st period - Shot Misses the Net.
15:04 of 1st period - Shot by Jordan Gross.
15:04 of 1st period - Shot Misses the Net.
15:06 of 1st period - Shot by Artturi Lehkonen.
15:06 of 1st period - Shot Blocked by Andrei Svechnikov.
15:08 of 1st period - Shot by Jordan Gross.
15:08 of 1st period - Stopped by Darcy Kuemper without a rebound.
15:09 of 1st period - Jack Roslovic wins face-off versus William Nylander in PITTSBURGH Penguins zone.
15:09 of 1st period - Justin Danforth is hit by Jake Gardiner.
15:17 of 1st period - Shot by Jack Roslovic.
15:17 of 1st period - Shot Misses the Net.
15:28 of 1st period - Nino Niederreiter is hit by Jake Gardiner and loses puck.
15:35 of 1st period - Shot by Will Butcher.
15:35 of 1st period - Stopped by Vitek Vanecek without a rebound.
15:36 of 1st period - Ross Colton wins face-off versus Bo Horvat in COLUMBUS Blue Jackets zone.
16:16 of 1st period - Shot by Anton Lindholm.
16:16 of 1st period - Shot Blocked by Dante Fabbro.
17:02 of 1st period - Icing by Jake Gardiner.
17:03 of 1st period - William Nylander wins face-off versus Pierre-luc Dubois in PITTSBURGH Penguins zone.
17:18 of 1st period - Shot by Jack Roslovic.
17:18 of 1st period - Stopped by Darcy Kuemper without a rebound.
17:19 of 1st period - Pierre-luc Dubois wins face-off versus Gustav Nyquist in PITTSBURGH Penguins zone.
17:48 of 1st period - Shot by Sven Baertschi.
17:48 of 1st period - Stopped by Darcy Kuemper without a rebound.
17:49 of 1st period - Ross Colton wins face-off versus Jack Roslovic in PITTSBURGH Penguins zone.
18:13 of 1st period - Shot by Jack Roslovic.
18:13 of 1st period - Stopped by Darcy Kuemper without a rebound.
18:14 of 1st period - Pierre-luc Dubois wins face-off versus William Nylander in PITTSBURGH Penguins zone.
18:14 of 1st period - Sven Baertschi is hit by Jake Gardiner and loses puck.
18:25 of 1st period - Shot by William Nylander.
18:25 of 1st period - Stopped by Vitek Vanecek without a rebound.
18:26 of 1st period - Bo Horvat wins face-off versus Justin Kloos in COLUMBUS Blue Jackets zone.
18:33 of 1st period - Shot by Justin Kloos.
18:33 of 1st period - Shot Misses the Net.
19:00 of 1st period - Shot by Justin Kloos.
19:00 of 1st period - Goal by Justin Kloos - COLUMBUS Blue Jackets : 2 - PITTSBURGH Penguins : 2.
19:01 of 1st period - Gustav Nyquist wins face-off versus Pierre-luc Dubois in neutral zone.
19:12 of 1st period - Icing by Pierre-luc Dubois.
19:13 of 1st period - Pierre-luc Dubois wins face-off versus Ross Colton in COLUMBUS Blue Jackets zone.
19:13 of 1st period - Pierre-luc Dubois is hit by Milan Lucic.
Goals for this period are 2 for COLUMBUS Blue Jackets vs 2 for PITTSBURGH Penguins.
Shots for this period are 14 for COLUMBUS Blue Jackets vs 6 for PITTSBURGH Penguins.

2nd period


0:01 of 2nd period - William Nylander wins face-off versus Jack Roslovic in neutral zone.
0:03 of 2nd period - Will Butcher is hit by John Marino and loses puck.
0:09 of 2nd period - William Nylander is hit by Dante Fabbro and loses puck.
0:20 of 2nd period - Shot by Tyler Johnson.
0:20 of 2nd period - Stopped by Darcy Kuemper without a rebound.
0:21 of 2nd period - Bo Horvat wins face-off versus Gustav Nyquist in PITTSBURGH Penguins zone.
0:21 of 2nd period - Yan Gourde is hit by Adam Larsson.
1:43 of 2nd period - Brad Marchand is hit by Pierre-luc Dubois and loses puck.
1:47 of 2nd period - Icing by Jake Gardiner.
1:48 of 2nd period - William Nylander wins face-off versus Pierre-luc Dubois in PITTSBURGH Penguins zone.
1:48 of 2nd period - William Nylander is hit by Pierre-luc Dubois.
2:22 of 2nd period - Shot by Sven Baertschi.
2:22 of 2nd period - Stopped by Darcy Kuemper without a rebound.
2:23 of 2nd period - Gustav Nyquist wins face-off versus Jack Roslovic in PITTSBURGH Penguins zone.
2:39 of 2nd period - Off-side.
2:40 of 2nd period - Ross Colton wins face-off versus Bo Horvat in neutral zone.
3:12 of 2nd period - Shot by Ross Colton.
3:12 of 2nd period - Shot Misses the Net.
3:57 of 2nd period - Shot by William Nylander.
3:57 of 2nd period - Stopped by Vitek Vanecek without a rebound.
3:58 of 2nd period - Gustav Nyquist wins face-off versus Sven Baertschi in COLUMBUS Blue Jackets zone.
4:04 of 2nd period - Icing by Jordan Gross.
4:05 of 2nd period - Gustav Nyquist wins face-off versus Pierre-luc Dubois in COLUMBUS Blue Jackets zone.
4:11 of 2nd period - Alexander Barabanov is hit by Jordan Gross and loses puck.
4:31 of 2nd period - Artturi Lehkonen is hit by Adam Larsson and loses puck.
5:28 of 2nd period - Brad Marchand is hit by Justin Danforth and loses puck.
5:57 of 2nd period - Shot by John Marino.
5:57 of 2nd period - Stopped by Darcy Kuemper without a rebound.
5:58 of 2nd period - Ross Colton wins face-off versus Bo Horvat in PITTSBURGH Penguins zone.
6:17 of 2nd period - William Lagesson is hit by Milan Lucic and loses puck.
6:33 of 2nd period - Shot by Vitali Kravtsov.
6:33 of 2nd period - Shot Misses the Net.
6:35 of 2nd period - Shot by Milan Lucic.
6:35 of 2nd period - Stopped by Vitek Vanecek without a rebound.
6:36 of 2nd period - Jack Roslovic wins face-off versus Gustav Nyquist in COLUMBUS Blue Jackets zone.
6:36 of 2nd period - Jack Roslovic is hit by Andrei Svechnikov.
6:46 of 2nd period - Shot by Anton Lindholm.
6:46 of 2nd period - Shot Misses the Net.
7:16 of 2nd period - Shot by Adam Larsson.
7:16 of 2nd period - Shot Misses the Net.
7:43 of 2nd period - Icing by John Marino.
7:44 of 2nd period - Ross Colton wins face-off versus Pierre-luc Dubois in COLUMBUS Blue Jackets zone.
7:45 of 2nd period - Shot by Milan Lucic.
7:45 of 2nd period - Shot Misses the Net.
7:47 of 2nd period - Shot by Vitali Kravtsov.
7:47 of 2nd period - Shot Misses the Net.
7:49 of 2nd period - Shot by Milan Lucic.
7:49 of 2nd period - Shot Misses the Net.
7:51 of 2nd period - Shot by Vitali Kravtsov.
7:51 of 2nd period - Stopped by Vitek Vanecek with a rebound.
8:03 of 2nd period - Shot by Vitali Kravtsov.
8:03 of 2nd period - Shot Misses the Net.
8:05 of 2nd period - Shot by Vitali Kravtsov.
8:05 of 2nd period - Shot Misses the Net.
8:07 of 2nd period - Shot by Kevin Connauton.
8:07 of 2nd period - Stopped by Vitek Vanecek without a rebound.
8:08 of 2nd period - William Nylander wins face-off versus Colin Blackwell in COLUMBUS Blue Jackets zone.
8:23 of 2nd period - Shot by Oliver Bjorkstrand .
8:23 of 2nd period - Shot Misses the Net.
8:35 of 2nd period - Shot by Brad Marchand.
8:35 of 2nd period - Stopped by Vitek Vanecek with a rebound.
9:06 of 2nd period - Icing by Jordan Gross.
9:07 of 2nd period - Nick Paul wins face-off versus Gustav Nyquist in COLUMBUS Blue Jackets zone.
9:07 of 2nd period - Justin Danforth is hit by Andrei Svechnikov and loses puck.
9:16 of 2nd period - Shot by Gustav Nyquist.
9:16 of 2nd period - Stopped by Vitek Vanecek with a rebound.
9:24 of 2nd period - Shot by Alexander Barabanov.
9:24 of 2nd period - Stopped by Vitek Vanecek without a rebound.
9:25 of 2nd period - Ross Colton wins face-off versus Pierre-luc Dubois in COLUMBUS Blue Jackets zone.
9:32 of 2nd period - Shot by Ross Colton.
9:32 of 2nd period - Stopped by Vitek Vanecek without a rebound.
9:33 of 2nd period - Bo Horvat wins face-off versus Andrei Svechnikov in COLUMBUS Blue Jackets zone.
9:33 of 2nd period - Colin Blackwell is hit by Andrei Svechnikov and loses puck.
10:45 of 2nd period - Icing by Adam Larsson.
10:46 of 2nd period - Pierre-luc Dubois wins face-off versus Gustav Nyquist in PITTSBURGH Penguins zone.
11:03 of 2nd period - Shot by Artturi Lehkonen.
11:03 of 2nd period - Shot Misses the Net.
11:06 of 2nd period - Icing by Anton Lindholm.
11:07 of 2nd period - Jack Roslovic wins face-off versus Gustav Nyquist in PITTSBURGH Penguins zone.
11:52 of 2nd period - Oliver Bjorkstrand is hit by John Marino and loses puck.
12:17 of 2nd period - Icing by Jordan Gross.
12:18 of 2nd period - Pierre-luc Dubois wins face-off versus Milan Lucic in COLUMBUS Blue Jackets zone.
12:18 of 2nd period - Pierre-luc Dubois is hit by Milan Lucic.
12:21 of 2nd period - Artturi Lehkonen is hit by Milan Lucic and loses puck.
12:25 of 2nd period - Jordan Gross is hit by Kevin Connauton and loses puck.
12:35 of 2nd period - Vitali Kravtsov is hit by Jordan Gross and loses puck.
12:41 of 2nd period - Off-side.
12:42 of 2nd period - Brad Marchand wins face-off versus Bo Horvat in neutral zone.
13:03 of 2nd period - Shot by Laurent Dauphin.
13:03 of 2nd period - Shot Misses the Net.
13:05 of 2nd period - Shot by Laurent Dauphin.
13:05 of 2nd period - Shot Misses the Net.
13:11 of 2nd period - Shot by Brad Marchand.
13:11 of 2nd period - Shot Hit the Post.
13:13 of 2nd period - Shot by Laurent Dauphin.
13:13 of 2nd period - Stopped by Vitek Vanecek with a rebound.
13:52 of 2nd period - Icing by Carson Soucy.
13:53 of 2nd period - Gustav Nyquist wins face-off versus Bo Horvat in COLUMBUS Blue Jackets zone.
15:20 of 2nd period - Shot by Artturi Lehkonen.
15:20 of 2nd period - Shot Misses the Net.
15:24 of 2nd period - Shot by Sven Baertschi.
15:24 of 2nd period - Goal by Sven Baertschi - COLUMBUS Blue Jackets : 3 - PITTSBURGH Penguins : 2.
15:25 of 2nd period - William Nylander wins face-off versus Jack Roslovic in neutral zone.
15:48 of 2nd period - Shot by Brad Marchand.
15:48 of 2nd period - Stopped by Vitek Vanecek without a rebound.
15:49 of 2nd period - Pierre-luc Dubois wins face-off versus Ross Colton in COLUMBUS Blue Jackets zone.
15:49 of 2nd period - Pierre-luc Dubois is hit by Milan Lucic.
15:55 of 2nd period - Shot by John Marino.
15:55 of 2nd period - Stopped by Darcy Kuemper with a rebound.
15:57 of 2nd period - Shot by Pierre-luc Dubois.
15:57 of 2nd period - Shot Blocked by Kevin Connauton.
15:59 of 2nd period - Shot by Pierre-luc Dubois.
15:59 of 2nd period - Stopped by Darcy Kuemper without a rebound.
16:00 of 2nd period - William Nylander wins face-off versus Bo Horvat in PITTSBURGH Penguins zone.
16:00 of 2nd period - William Nylander is hit by Colin Blackwell.
16:21 of 2nd period - Off-side.
16:22 of 2nd period - Pierre-luc Dubois wins face-off versus Ross Colton in neutral zone.
16:22 of 2nd period - Minor Penalty to Milan Lucic for Tripping.
16:23 of 2nd period - Brad Marchand wins face-off versus Pierre-luc Dubois in PITTSBURGH Penguins zone.
16:38 of 2nd period - Shot by Pierre-luc Dubois.
16:38 of 2nd period - Stopped by Darcy Kuemper with a rebound.
16:40 of 2nd period - Shot by Tyler Johnson.
16:40 of 2nd period - Shot Blocked by Jake Gardiner.
16:42 of 2nd period - Shot by Jack Roslovic.
16:42 of 2nd period - Stopped by Darcy Kuemper without a rebound.
16:43 of 2nd period - Bo Horvat wins face-off versus Brad Marchand in PITTSBURGH Penguins zone.
18:00 of 2nd period - Adam Larsson is hit by Pierre-luc Dubois and loses puck.
19:00 of 2nd period - Shot by Artturi Lehkonen.
19:00 of 2nd period - Stopped by Darcy Kuemper with a rebound.
19:34 of 2nd period - Shot by Andrei Svechnikov.
19:34 of 2nd period - Shot Blocked by John Marino.
Goals for this period are 1 for COLUMBUS Blue Jackets vs 0 for PITTSBURGH Penguins.
Shots for this period are 9 for COLUMBUS Blue Jackets vs 10 for PITTSBURGH Penguins.

3rd period


0:01 of 3rd period - Pierre-luc Dubois wins face-off versus William Nylander in neutral zone.
0:07 of 3rd period - Icing by Will Butcher.
0:08 of 3rd period - William Nylander wins face-off versus Pierre-luc Dubois in PITTSBURGH Penguins zone.
0:12 of 3rd period - Brad Marchand is hit by Dante Fabbro and loses puck.
0:17 of 3rd period - Shot by Jake Gardiner.
0:17 of 3rd period - Shot Blocked by John Marino.
1:35 of 3rd period - Icing by William Lagesson.
1:36 of 3rd period - Bo Horvat wins face-off versus Ross Colton in COLUMBUS Blue Jackets zone.
1:36 of 3rd period - Bo Horvat is hit by Milan Lucic.
1:39 of 3rd period - Icing by Yan Gourde.
1:40 of 3rd period - Vitali Kravtsov wins face-off versus Bo Horvat in COLUMBUS Blue Jackets zone.
1:43 of 3rd period - Shot by Milan Lucic.
1:43 of 3rd period - Stopped by Vitek Vanecek with a rebound.
1:59 of 3rd period - Bo Horvat is hit by Kevin Connauton and loses puck.
2:01 of 3rd period - Minor Penalty to Kevin Connauton for Delaying the game.
2:02 of 3rd period - Brad Marchand wins face-off versus Pierre-luc Dubois in PITTSBURGH Penguins zone.
2:24 of 3rd period - Shot by John Marino.
2:24 of 3rd period - Stopped by Darcy Kuemper without a rebound.
2:25 of 3rd period - Bo Horvat wins face-off versus Brad Marchand in PITTSBURGH Penguins zone.
2:41 of 3rd period - Icing by Bo Horvat.
2:42 of 3rd period - Bo Horvat wins face-off versus Brad Marchand in COLUMBUS Blue Jackets zone.
3:15 of 3rd period - Shot by Yan Gourde.
3:15 of 3rd period - Stopped by Darcy Kuemper with a rebound.
4:01 of 3rd period - Shot by Pierre-luc Dubois.
4:01 of 3rd period - Stopped by Darcy Kuemper without a rebound.
4:02 of 3rd period - Pierre-luc Dubois wins face-off versus Ross Colton in PITTSBURGH Penguins zone.
4:17 of 3rd period - Shot by Sven Baertschi.
4:17 of 3rd period - Shot Blocked by Trevor Carrick.
4:19 of 3rd period - Shot by Pierre-luc Dubois.
4:19 of 3rd period - Stopped by Darcy Kuemper without a rebound.
4:20 of 3rd period - Bo Horvat wins face-off versus Gustav Nyquist in PITTSBURGH Penguins zone.
4:23 of 3rd period - Shot by Yan Gourde.
4:23 of 3rd period - Shot Misses the Net.
4:46 of 3rd period - Icing by Jake Gardiner.
4:47 of 3rd period - Jack Roslovic wins face-off versus Gustav Nyquist in PITTSBURGH Penguins zone.
5:50 of 3rd period - Adam Larsson is hit by Sven Baertschi and loses puck.
6:50 of 3rd period - Shot by Milan Lucic.
6:50 of 3rd period - Shot Hit the Post.
6:56 of 3rd period - Shot by Vitali Kravtsov.
6:56 of 3rd period - Stopped by Vitek Vanecek without a rebound.
6:57 of 3rd period - Bo Horvat wins face-off versus Justin Kloos in COLUMBUS Blue Jackets zone.
7:53 of 3rd period - Icing by Dante Fabbro.
7:54 of 3rd period - Gustav Nyquist wins face-off versus Bo Horvat in COLUMBUS Blue Jackets zone.
7:57 of 3rd period - Shot by Gustav Nyquist.
7:57 of 3rd period - Shot Misses the Net.
8:03 of 3rd period - Gustav Nyquist is hit by Bo Horvat and loses puck.
8:52 of 3rd period - Shot by Nino Niederreiter.
8:52 of 3rd period - Shot Misses the Net.
8:57 of 3rd period - Milan Lucic is hit by Carson Soucy and loses puck.
9:02 of 3rd period - Shot by Milan Lucic.
9:02 of 3rd period - Stopped by Vitek Vanecek without a rebound.
9:03 of 3rd period - Pierre-luc Dubois wins face-off versus William Nylander in COLUMBUS Blue Jackets zone.
9:17 of 3rd period - Icing by Anton Lindholm.
9:18 of 3rd period - Pierre-luc Dubois wins face-off versus William Nylander in PITTSBURGH Penguins zone.
9:20 of 3rd period - Artturi Lehkonen is hit by Adam Larsson and loses puck.
9:25 of 3rd period - Shot by Pierre-luc Dubois.
9:25 of 3rd period - Stopped by Darcy Kuemper without a rebound.
9:26 of 3rd period - Bo Horvat wins face-off versus Ross Colton in PITTSBURGH Penguins zone.
11:04 of 3rd period - Icing by Pierre-luc Dubois.
11:05 of 3rd period - William Nylander wins face-off versus Pierre-luc Dubois in COLUMBUS Blue Jackets zone.
11:12 of 3rd period - Shot by Oliver Bjorkstrand .
11:12 of 3rd period - Stopped by Vitek Vanecek without a rebound.
11:13 of 3rd period - William Nylander wins face-off versus Pierre-luc Dubois in COLUMBUS Blue Jackets zone.
11:16 of 3rd period - Shot by William Nylander.
11:16 of 3rd period - Shot Misses the Net.
11:18 of 3rd period - Shot by Brad Marchand.
11:18 of 3rd period - Shot Misses the Net.
11:20 of 3rd period - Shot by Jake Gardiner.
11:20 of 3rd period - Shot Misses the Net.
12:33 of 3rd period - Shot by Yan Gourde.
12:33 of 3rd period - Stopped by Darcy Kuemper with a rebound.
12:35 of 3rd period - Shot by Dante Fabbro.
12:35 of 3rd period - Shot Blocked by Trevor Carrick.
12:51 of 3rd period - Shot by Yan Gourde.
12:51 of 3rd period - Shot Blocked by Kevin Connauton.
12:57 of 3rd period - Shot by Bo Horvat.
12:57 of 3rd period - Goal by Bo Horvat - COLUMBUS Blue Jackets : 4 - PITTSBURGH Penguins : 2.
12:58 of 3rd period - Jack Roslovic wins face-off versus Ross Colton in neutral zone.
13:43 of 3rd period - Icing by Nino Niederreiter.
13:44 of 3rd period - Brad Marchand wins face-off versus Jack Roslovic in COLUMBUS Blue Jackets zone.
14:12 of 3rd period - Icing by Bo Horvat.
14:13 of 3rd period - Gustav Nyquist wins face-off versus Bo Horvat in COLUMBUS Blue Jackets zone.
14:16 of 3rd period - Shot by Gustav Nyquist.
14:16 of 3rd period - Stopped by Vitek Vanecek without a rebound.
14:17 of 3rd period - Bo Horvat wins face-off versus Gustav Nyquist in COLUMBUS Blue Jackets zone.
14:36 of 3rd period - Minor Penalty to John Marino for Roughing.
14:37 of 3rd period - William Nylander wins face-off versus Pierre-luc Dubois in COLUMBUS Blue Jackets zone.
14:54 of 3rd period - Shot by Brad Marchand.
14:54 of 3rd period - Stopped by Vitek Vanecek without a rebound.
14:55 of 3rd period - Pierre-luc Dubois wins face-off versus Gustav Nyquist in COLUMBUS Blue Jackets zone.
15:01 of 3rd period - Icing by Adam Larsson.
15:02 of 3rd period - Gustav Nyquist wins face-off versus Pierre-luc Dubois in PITTSBURGH Penguins zone.
15:02 of 3rd period - Gustav Nyquist is hit by Jack Roslovic.
15:10 of 3rd period - Shot by Anton Lindholm.
15:10 of 3rd period - Stopped by Vitek Vanecek without a rebound.
15:11 of 3rd period - Pierre-luc Dubois wins face-off versus William Nylander in COLUMBUS Blue Jackets zone.
15:39 of 3rd period - Pierre-luc Dubois is hit by Will Butcher and loses puck.
15:42 of 3rd period - Shot by Pierre-luc Dubois.
15:42 of 3rd period - Stopped by Darcy Kuemper without a rebound.
15:43 of 3rd period - Pierre-luc Dubois wins face-off versus Andrei Svechnikov in PITTSBURGH Penguins zone.
15:56 of 3rd period - Shot by Alexander Barabanov.
15:56 of 3rd period - Stopped by Vitek Vanecek with a rebound.
16:00 of 3rd period - Shot by Gustav Nyquist.
16:00 of 3rd period - Shot Misses the Net.
16:02 of 3rd period - Shot by Gustav Nyquist.
16:02 of 3rd period - Stopped by Vitek Vanecek with a rebound.
16:04 of 3rd period - Shot by Gustav Nyquist.
16:04 of 3rd period - Shot Misses the Net.
16:06 of 3rd period - Shot by Andrei Svechnikov.
16:06 of 3rd period - Shot Blocked by Jordan Gross.
16:08 of 3rd period - Shot by Adam Larsson.
16:08 of 3rd period - Stopped by Vitek Vanecek without a rebound.
16:09 of 3rd period - Tyler Johnson wins face-off versus William Nylander in COLUMBUS Blue Jackets zone.
16:09 of 3rd period - Tyler Johnson is hit by Brad Marchand.
16:40 of 3rd period - Shot by Vitali Kravtsov.
16:40 of 3rd period - Shot Misses the Net.
16:42 of 3rd period - Shot by Vitali Kravtsov.
16:42 of 3rd period - Shot Misses the Net.
16:48 of 3rd period - Shot by Vitali Kravtsov.
16:48 of 3rd period - Shot Misses the Net.
17:23 of 3rd period - Shot by Jack Roslovic.
17:23 of 3rd period - Deflect By Justin Danforth.
17:23 of 3rd period - Shot Misses the Net.
17:33 of 3rd period - Shot by Jack Roslovic.
17:33 of 3rd period - Stopped by Darcy Kuemper without a rebound.
17:34 of 3rd period - Pierre-luc Dubois wins face-off versus William Nylander in PITTSBURGH Penguins zone.
17:35 of 3rd period - Shot by Artturi Lehkonen.
17:35 of 3rd period - Shot Misses the Net.
17:37 of 3rd period - Shot by Pierre-luc Dubois.
17:37 of 3rd period - Shot Misses the Net.
17:39 of 3rd period - Shot by Artturi Lehkonen.
17:39 of 3rd period - Stopped by Darcy Kuemper without a rebound.
17:40 of 3rd period - William Nylander wins face-off versus Pierre-luc Dubois in PITTSBURGH Penguins zone.
17:56 of 3rd period - Icing by William Lagesson.
17:57 of 3rd period - Gustav Nyquist wins face-off versus Pierre-luc Dubois in COLUMBUS Blue Jackets zone.
18:00 of 3rd period - Shot by Anton Lindholm.
18:00 of 3rd period - Shot Blocked by Carson Soucy.
19:10 of 3rd period - John Marino is hit by William Nylander and loses puck.
19:23 of 3rd period - Shot by Colin Blackwell.
19:23 of 3rd period - Shot Misses the Net.
19:39 of 3rd period - John Marino is hit by Brad Marchand and loses puck.
Goals for this period are 1 for COLUMBUS Blue Jackets vs 0 for PITTSBURGH Penguins.
Shots for this period are 10 for COLUMBUS Blue Jackets vs 10 for PITTSBURGH Penguins.